 Dungeon Crawl Stone Soup version 0.17.1-3-g152610e (webtiles) character file.

99166 pipel the Bludgeoner (level 15, -3/149 HPs)
             Began as a Minotaur Berserker on Mar 21, 2016.
             Was a High Priest of Trog.
             Slain by a wolf spider (10 damage)
             ... on level 1 of the Spider Nest.
             The game lasted 02:16:22 (11700 turns).

pipel the Bludgeoner (Minotaur Berserker)          Turns: 11700, Time: 02:16:22

Health: -3/149     AC: 23    Str: 32    XL:     15   Next: 76%
Magic:  15/15      EV: 12    Int:  4    God:    Trog [*****.]
Gold:   1396       SH:  6    Dex:  5    Spells: 0 memorised, 14 levels left

rFire  . . .     SeeInvis .     a - +6 eveningstar (chaos)
rCold  . . .     Clarity  .     g - +5 scale mail of the Orcish Mines {rPois Str+4 Dex-5}
rNeg   . . .     SustAt   .     K - +2 buckler
rPois  +         Gourm    .     (helmet restricted)
rElec  .         Spirit   .     W - +0 cloak
rCorr  .         Warding  .     f - +0 pair of gloves
rMut   .         Stasis   .     d - +0 pair of boots
MR     +....                    (no amulet)
Stlth  ..........               e - +3 ring of protection
                                U - ring "Ykhlafah" {Slay+3 Stlth-}

@: somewhat resistant to hostile enchantments, extremely unstealthy
A: retaliatory headbutt, horns 2
a: Berserk, Trog's Hand, Brothers in Arms, Burn Spellbooks, Renounce Religion


You were on level 1 of the Spider Nest.
You worshipped Trog.
Trog was extremely pleased with you.
You were very full.

You visited 5 branches of the dungeon, and saw 25 of its levels.
You also visited: Labyrinth and Ice Cave.

You collected 2450 gold pieces.
You spent 1054 gold pieces at shops.

Inventory:

Hand Weapons
 a - a +6 eveningstar of chaos (weapon)
 b - a +0 blowgun
 B - a +4 antimagic morningstar
Missiles
 s - 6 curare-tipped needles
 T - 8 javelins of penetration (quivered)
 Z - 3 poisoned javelins
Armour
 d - a +0 pair of boots (worn)
 f - a +0 pair of gloves (worn)
 g - the +5 scale mail of the Orcish Mines (worn) {rPois Str+4 Dex-5}
   (You found it on level 3 of the Elven Halls)

   It affects your strength (+4).
   It affects your dexterity (-5).
   It protects you from poison.
 u - a +4 plate armour of fire resistance
 E - the +1 leather armour "Lynnumis" {*Corrode +Inv rElec rF+}
   (You found it in a labyrinth)

   It protects you from fire.
   It insulates you from electricity.
   It lets you turn invisible.
   It may corrode your equipment when you take damage.
 K - a +2 buckler (worn)
 W - a +0 cloak (worn)
Magical Staves
 n - an uncursed staff of earth
Jewellery
 e - a +3 ring of protection (right hand)
 j - an uncursed amulet of rage
 k - the ring of Orchan {Ice -Tele rElec Str+3 Int+4}
   (You took it off a deep elf death mage on level 3 of the Elven Halls)

   [ring of ice]

   It enhances your ice magic, and weakens your fire magic.
   It affects your strength (+3).
   It affects your intelligence (+4).
   It makes you vulnerable to fire.
   It protects you from cold.
   It insulates you from electricity.
   It prevents most forms of teleportation.
 G - an uncursed ring of fire
 U - the ring "Ykhlafah" (left hand) {Slay+3 Stlth-}
   (You took it off a deep elf master archer on level 3 of the Elven Halls)

   [ring of loudness]

   It affects your accuracy and damage with ranged weapons and melee attacks
   (+3).
   It makes you less stealthy.
Wands
 m - a wand of disintegration (3)
 o - a wand of teleportation (4)
 r - a wand of invisibility (2)
 z - a wand of digging (1)
 F - a wand of teleportation (3)
 V - a wand of teleportation (2)
Scrolls
 t - 3 scrolls of fear
 v - 6 scrolls of identify
 A - a scroll of teleportation
 M - 2 scrolls of immolation
 O - 3 scrolls of remove curse
 R - a scroll of recharging
 Y - 2 scrolls of magic mapping
Potions
 h - a potion of flight
 p - 2 potions of haste
 q - a potion of might
 x - a potion of heal wounds
 H - 2 potions of ambrosia
 P - 2 potions of invisibility
 Q - a potion of agility
Books
 i - a book of Frost

   Spells                             Type                      Level
   a - Freeze                         Ice                          1
   b - Throw Frost                    Conjuration/Ice              2
   c - Ozocubu's Armour               Charms/Ice                   3
   d - Throw Icicle                   Conjuration/Ice              4
   e - Summon Ice Beast               Ice/Summoning                4
   f - Condensation Shield            Ice                          4
   Trog disapproves of the use of such an item.
 l - a Grand Grimoire

   Spells                             Type                      Level
   a - Monstrous Menagerie            Summoning                    6
   b - Summon Greater Demon           Summoning                    7
   c - Malign Gateway                 Summoning/Translocation      7
   d - Summon Horrible Things         Summoning                    8
   Trog disapproves of the use of such an item.
 y - a book of Party Tricks

   Spells                             Type                      Level
   a - Summon Butterflies             Summoning                    1
   b - Apportation                    Translocation                1
   c - Tukima's Dance                 Hexes                        3
   d - Alistair's Intoxication        Transmutation/Poison         4
   e - Invisibility                   Hexes                        6
   Trog disapproves of the use of such an item.
 C - a book of Necromancy

   Spells                             Type                      Level
   a - Pain                           Necromancy                   1
   b - Animate Skeleton               Necromancy                   1
   c - Vampiric Draining              Necromancy                   3
   d - Regeneration                   Charms/Necromancy            3
   e - Animate Dead                   Necromancy                   4
   f - Control Undead                 Necromancy                   4
   Trog disapproves of the use of such an item.
 D - a book of Ice

   Spells                             Type                      Level
   a - Ice Form                       Ice/Transmutation            4
   b - Metabolic Englaciation         Hexes/Ice                    5
   c - Ozocubu's Refrigeration        Ice                          6
   d - Bolt of Cold                   Conjuration/Ice              6
   e - Freezing Cloud                 Conjuration/Ice/Air          6
   f - Simulacrum                     Ice/Necromancy               6
   Trog disapproves of the use of such an item.
 J - the Collected Works on Conjuration
   (You found it on level 3 of the Elven Halls)

   Spells                             Type                      Level
   a - Conjure Flame                  Conjuration/Fire             3
   b - Dazzling Spray                 Conjuration/Hexes            3
   c - Iskenderun's Mystic Blast      Conjuration                  4
   d - Fulminant Prism                Conjuration/Hexes            4
   e - Sticky Flame                   Conjuration/Fire             4
   Trog disapproves of the use of such an item.
 L - a book of Cantrips

   Spells                             Type                      Level
   a - Corona                         Hexes                        1
   b - Animate Skeleton               Necromancy                   1
   c - Summon Small Mammal            Summoning                    1
   d - Apportation                    Translocation                1
   Trog disapproves of the use of such an item.
 N - a Fen Folio

   Spells                             Type                      Level
   a - Corpse Rot                     Necromancy                   2
   b - Stone Arrow                    Conjuration/Earth            3
   c - Leda's Liquefaction            Hexes/Earth                  4
   d - Summon Forest                  Summoning/Translocation      5
   e - Hydra Form                     Transmutation                6
   f - Summon Hydra                   Summoning                    7
   Trog disapproves of the use of such an item.
Miscellaneous
 I - a box of beasts
 X - a box of beasts
Comestibles
 c - 4 bread rations
 S - 2 slices of pizza


   Skills:
 + Level 18.1 Fighting
 - Level 18.2 Maces & Flails
 - Level 3.4 Throwing
 + Level 16.3 Armour
 + Level 9.7 Dodging
 - Level 0.6 Stealth
 - Level 5.8 Shields
 - Level 1.3 Evocations


You had 14 spell levels left.
You didn't know any spells.

Dungeon Overview and Level Annotations

Branches:
Dungeon (13/15)              Lair (4/8) D:8          Spider (2/4) Lair:4
    Orc (4/4) D:11            Elf (3/3) Orc:3
 Temple: D:4-7        Swamp: Lair:3-6    Shoals: Lair:3-6    Vaults: D:13-14

Altars:
Ashenzari
Okawaru
Vehumet
Beogh

Shops:
Orc:2 %   Orc:4 :[*(*}   Elf:1 (   Elf:2 *   Elf:3 !

Annotations:
D:13 Azrael
Lair:2 box of beast
Lair:4 exclusion: oklob plant


Innate Abilities, Weirdness & Mutations

You reflexively headbutt those who attack you in melee.
You have a pair of horns on your head.


Message History

The jumping spider pounces on you but does no damage.
You block the jumping spider's attack.
You barely miss the wolf spider.
The wolf spider is moderately wounded.
The wolf spider hits you!
* * * LOW HITPOINT WARNING * * *
The wolf spider bites you but does no damage.
The jumping spider leaps!
Unknown command.
You barely miss the wolf spider. You headbutt the wolf spider!
The wolf spider is heavily wounded.
The wolf spider hits you!
* * * LOW HITPOINT WARNING * * *
The wolf spider bites you but does no damage.
The jumping spider leaps!
Unknown command.
You puncture the wolf spider! You burn the wolf spider.
The wolf spider is severely wounded.
The wolf spider hits you!
You die...

..# #.......#≈≈≈# ..##
#..#....[≈≈##
..^####.##.†...≈≈#
....#.###.......##
....#...........# #
...###.....§....# .## #
...#†#.........###..#^.#
....[###..###...#.......
..††...####.###.@.....#
#..††..^#....###.s...=..
...#.........# ###^.....
####.......### .....#
#.........## ##..#
#####......# .#
###.......## #
##........## #........##


You could see a wolf spider.

Vanquished Creatures
  Norris (Elf:3)
  3 deep elf blademasters
  2 deep elf master archers (Elf:3)
  Wiglaf (Elf:2)
  A deep elf sorcerer (Elf:3)
  4 deep elf demonologists (Elf:3)
  3 deep elf annihilators (Elf:3)
  The ghost of Malhgor the Cleaver, a journeyman DDHu of Makhleb (D:12)
  4 deep elf death magi (Elf:3)
  A minotaur (Lab)
  A hydra (D:11)
  3 deep elf high priests (Elf:3)
  15 dancing weapons (Elf:2)
  The ghost of Malhgor the Destroyer, a journeyman DEFE of Vehumet (D:10)
  5 orc high priests (Orc:4)
  16 deep elf knights
  5 unseen horrors (Elf:1)
  A small abomination (Elf:2)
  13 deep elf summoners
  2 hill giants
  2 cyclopes
  4 orc knights (Orc:4)
  2 orb spiders (Spider:1)
  9 deep elf conjurers
  An orc sorcerer (Orc:3)
  A moth of wrath (Spider:1)
  3 wolf spiders (Spider:1)
  3 centaur zombies
  2 spiny frogs (Lair:2)
  2 komodo dragons
  A demonic crawler (Spider:1)
  7 deep elf priests
  8 jumping spiders
  A two-headed ogre (D:12)
  Grinder (D:3)
  A blink frog (shapeshifter) (Elf:3)
  4 blink frogs (Lair:1)
  2 tarantellas
  A trapdoor spider (Spider:1)
  7 redbacks (Spider:1)
  21 deep elf magi
  9 yaks
  3 vampire mosquitoes (D:12)
  30 deep elf fighters
  2 hippogriffs
  A steam dragon (D:10)
  2 wargs
  A hungry ghost (D:12)
  A mottled dragon (D:12)
  A warg (shapeshifter) (Elf:1)
  A soldier ant (D:13)
  3 wolves (Lair:1)
  5 water moccasins
  2 porcupines
  13 spiders
  10 ice beasts
  30 orc warriors
  A phantom (D:6)
  A necrophage (D:11)
  5 ogres
  2 crocodiles (Lair:2)
  A brain worm (D:12)
  10 centaurs
  A wasp (D:8)
  Blork the orc (D:6)
  9 giant frogs
  A big kobold (D:12)
  4 killer bees (D:11)
  2 scorpions
  8 wights
  2 crimson imps (D:8)
  A giant frog zombie (D:12)
  5 jellies
  3 giant frog skeletons
  30 orc priests
  5 hounds
  14 orc wizards
  5 worker ants
  2 iguanas (Lair:2)
  3 hound skeletons
  4 gnolls (D:9)
  4 adders
  5 river rats
  12 white imps (Orc:1)
  An ooze (D:1)
  122 orcs
  4 bats
  2 giant cockroaches
  3 goblins (D:1)
  A hobgoblin (D:1)
  2 jackals (D:1)
  4 quokkas
  4 giant geckos
  A giant newt (D:1)
  6 kobolds
  A rat (D:1)
  2 crawling corpses (Elf:3)
574 creatures vanquished.

Vanquished Creatures (collateral kills)
  A deep elf knight (Elf:2)
  A deep elf mage (Elf:2)
2 creatures vanquished.

Vanquished Creatures (others)
  A deep elf death mage (Elf:3)
  A deep elf fighter (Elf:3)
  A centaur (D:12)
  2 orcs
5 creatures vanquished.

Grand Total: 581 creatures vanquished

Notes
Turn   | Place    | Note
--------------------------------------------------------------
     0 | D:1      | pipel the Minotaur Berserker began the quest for the Orb.
     0 | D:1      | Reached XP level 1. HP: 19/19 MP: 0/0
    47 | D:1      | Reached skill level 4 in Fighting
    47 | D:1      | Reached XP level 2. HP: 22/27 MP: 1/1
   263 | D:2      | Reached XP level 3. HP: 14/33 MP: 2/2
   295 | D:3      | Noticed Grinder
   318 | D:3      | Killed Grinder
   318 | D:3      | Reached ** piety under Trog
   318 | D:3      | Reached skill level 5 in Fighting
   318 | D:3      | Reached skill level 5 in Maces & Flails
   318 | D:3      | Reached XP level 4. HP: 42/42 MP: 3/3
   318 | D:3      | Reached XP level 5. HP: 48/48 MP: 4/4
   390 | D:4      | Found an iron altar of Okawaru.
   485 | D:4      | Noticed an ogre
   491 | D:4      | Killed an ogre
   491 | D:4      | Reached XP level 6. HP: 56/56 MP: 5/5
   497 | D:4      | Noticed an ogre
   506 | D:4      | Killed an ogre
   560 | D:4      | You fall through a shaft for 2 floors!
   586 | D:6      | Reached skill level 5 in Dodging
   589 | D:6      | Reached skill level 6 in Fighting
   607 | D:6      | Reached XP level 7. HP: 23/63 MP: 6/6
   642 | D:6      | Noticed Blork the orc
   655 | D:6      | Killed Blork the orc
   686 | D:7      | Found a shattered altar of Ashenzari.
   787 | D:7      | You fall through a shaft for 3 floors!
   787 | D:10     | Entered Level 10 of the Dungeon
   826 | D:11     | Noticed a hill giant
   837 | D:11     | Killed a hill giant
   837 | D:11     | Reached skill level 7 in Dodging
   837 | D:11     | Reached XP level 8. HP: 71/71 MP: 7/7
   876 | D:11     | Noticed a six-headed hydra
   876 | D:11     | Noticed a trapdoor spider
   928 | D:9      | Reached skill level 5 in Armour
  1092 | D:8      | Reached XP level 9. HP: 81/81 MP: 8/8
  1093 | D:8      | Reached skill level 8 in Maces & Flails
  1198 | D:9      | You fall through a shaft for 3 floors!
  1250 | D:12     | Noticed a komodo dragon
  1260 | D:12     | Killed a komodo dragon
  1282 | D:13     | Noticed a skeletal warrior
  1282 | D:13     | Noticed a skeletal warrior
  1291 | D:13     | Noticed a skeletal warrior
  1311 | D:12     | Reached skill level 9 in Maces & Flails
  1515 | D:11     | Reached *** piety under Trog
  1557 | D:11     | Reached skill level 10 in Maces & Flails
  1614 | D:12     | Reached XP level 10. HP: 88/90 MP: 9/9
  1705 | D:13     | Noticed Azrael
  1705 | D:13     | Noticed a centaur warrior
  1708 | D:13     | Noticed a cyclops
  1719 | D:13     | Killed a cyclops
  1730 | D:13     | Found a labyrinth entrance.
  1741 | Lab      | Entered a labyrinth
  1816 | Lab      | Noticed a minotaur
  1832 | Lab      | Killed a minotaur
  1873 | Lab      | Got an ancient leather armour
  1886 | D:13     | Noticed a hill giant
  1895 | D:13     | Killed a hill giant
  1895 | D:13     | Reached skill level 11 in Maces & Flails
  1934 | D:13     | Noticed a komodo dragon
  1938 | D:13     | Noticed a centaur zombie
  1949 | D:13     | Killed a komodo dragon
  1951 | D:13     | Killed a centaur zombie
  1969 | D:12     | Noticed a cyclops
  1977 | D:12     | Reached skill level 10 in Armour
  1987 | D:12     | Killed a cyclops
  1987 | D:12     | Reached skill level 10 in Fighting
  2079 | D:12     | Noticed a centaur zombie
  2093 | D:12     | Killed a centaur zombie
  2140 | D:12     | Noticed Malhgor's ghost (journeyman DDHu)
  2168 | D:12     | Killed Malhgor's ghost
  2168 | D:12     | Reached skill level 12 in Maces & Flails
  2168 | D:12     | Reached XP level 11. HP: 100/101 MP: 10/10
  2394 | D:11     | Killed a six-headed hydra
  2406 | D:11     | Received a gift from Trog
  2417 | D:11     | Found a staircase to the Orcish Mines.
  2426 | Orc:1    | Entered Level 1 of the Orcish Mines
  2428 | Orc:1    | Found a roughly hewn altar of Beogh.
  2445 | Orc:1    | Reached **** piety under Trog
  2515 | Orc:1    | Found a frozen archway.
  2602 | IceCv    | Entered an ice cave
  2831 | Orc:2    | Reached ***** piety under Trog
  2855 | Orc:2    | Found Mugestiu's Food Boutique.
  2942 | Orc:4    | Entered Level 4 of the Orcish Mines
  2978 | Orc:4    | Found Zuw Acett's Gadget Shop.
  2982 | Orc:4    | Bought a wand of teleportation (4) for 240 gold pieces
  3013 | Orc:4    | Reached skill level 13 in Maces & Flails
  3022 | Orc:4    | Received a gift from Trog
  3245 | Orc:4    | Received a gift from Trog
  3248 | Orc:4    | Found Wicinog's Whimsical Warehouse.
  3647 | Orc:3    | Found a roughly hewn altar of Beogh.
  3666 | Orc:4    | Noticed an orc high priest
  3667 | Orc:4    | Noticed an orc high priest
  3670 | Orc:4    | Noticed an orc high priest
  3671 | Orc:4    | Killed an orc high priest
  3672 | Orc:4    | Noticed an orc high priest
  3887 | Orc:3    | Found a staircase to the Elven Halls.
  3990 | Orc:4    | Killed an orc high priest
  4057 | Orc:4    | Noticed a sun demon
  4064 | Orc:4    | Killed an orc high priest
  4064 | Orc:4    | Reached skill level 1 in Evocations
  4314 | Orc:4    | Reached skill level 14 in Maces & Flails
  4314 | Orc:4    | Reached XP level 12. HP: 73/111 MP: 11/11
  4375 | Orc:4    | Received a gift from Trog
  4484 | Orc:4    | Noticed an orc high priest
  4522 | Orc:4    | Killed an orc high priest
  4577 | Orc:4    | Reached skill level 1 in Throwing
  4747 | Orc:4    | Killed an orc high priest
  5031 | Orc:4    | Found Beomeris's Antique Weapon Emporium.
  5031 | Orc:4    | Found Ukall's Assorted Antiques.
  5032 | Orc:4    | Found Marphips's Armour Shoppe.
  5032 | Orc:4    | Found Paphost's Book Emporium.
  5043 | Orc:4    | Bought a copper wand for 112 gold pieces
  5043 | Orc:4    | Bought a scroll labeled UXKAVU JACVULA for 28 gold pieces
  5054 | Orc:4    | Identified the +1 leather armour "Lynnumis" {*Corrode +Inv rElec rF+} (You found it in a labyrinth)
  5075 | Orc:4    | Bought a book of Cantrips for 240 gold pieces
  5139 | Elf:1    | Entered Level 1 of the Elven Halls
  5198 | Elf:1    | Reached skill level 15 in Maces & Flails
  5497 | Elf:1    | Received a gift from Trog
  5620 | Elf:1    | Found Qysiux's Weapon Emporium.
  5626 | Elf:1    | Reached XP level 13. HP: 77/122 MP: 4/13
  5952 | Elf:2    | Found Joxky's Assorted Antiques.
  5981 | Elf:3    | Entered Level 3 of the Elven Halls
  5981 | Elf:3    | Found a radiant altar of Vehumet.
  5981 | Elf:3    | Noticed Norris
  5999 | Elf:3    | Killed Norris
  5999 | Elf:3    | Reached skill level 16 in Maces & Flails
  6204 | Elf:2    | Received a gift from Trog
  6407 | Elf:2    | Received a gift from Trog
  6556 | Elf:2    | Bought a scroll labeled IMOCYR ETEOHAO for 31 gold pieces
  6556 | Elf:2    | Bought a marble ring for 155 gold pieces
  6556 | Elf:2    | Bought a coppery potion for 27 gold pieces
  6610 | Elf:3    | Got a translucent scale mail
  6629 | Elf:2    | Identified the +5 scale mail of the Orcish Mines {rPois Str+4 Dex-5} (You found it on level 3 of the Elven Halls)
  6655 | Elf:3    | Noticed a deep elf demonologist
  6678 | Elf:3    | Killed a deep elf demonologist
  6678 | Elf:3    | Reached skill level 17 in Maces & Flails
  6737 | Elf:3    | Found Paiwn's Distillery.
  6742 | Elf:3    | Bought a potion of haste for 130 gold pieces
  6742 | Elf:3    | Bought a potion of flight for 39 gold pieces
  6742 | Elf:3    | Bought a potion of might for 52 gold pieces
  6937 | Elf:3    | Noticed a deep elf demonologist
  6937 | Elf:3    | Noticed a deep elf annihilator
  6938 | Elf:3    | Noticed a deep elf sorcerer
  6942 | Elf:3    | Noticed a reaper
  7095 | Elf:3    | Killed a deep elf demonologist
  7095 | Elf:3    | Reached XP level 14. HP: 133/133 MP: 4/14
  7172 | Elf:3    | Killed a deep elf sorcerer
  7222 | Elf:3    | Killed a deep elf annihilator
  7315 | Elf:3    | Noticed a deep elf demonologist
  7337 | Elf:3    | Killed a deep elf demonologist
  7359 | Elf:3    | Noticed a deep elf blademaster
  7380 | Elf:3    | Killed a deep elf blademaster
  7380 | Elf:3    | Reached skill level 15 in Fighting
  7399 | Elf:3    | Noticed a deep elf master archer
  7412 | Elf:3    | Noticed a deep elf blademaster
  7452 | Elf:3    | Killed a deep elf blademaster
  7588 | Elf:3    | Received a gift from Trog
  7588 | Elf:3    | Reached skill level 18 in Maces & Flails
  7791 | Elf:2    | Found a runed gate.
  7791 | Elf:2    | Found a runed gate.
  7791 | Elf:2    | Found a runed gate.
  7920 | Elf:2    | Reached skill level 1 in Shields
  8002 | Elf:2    | Noticed a deep elf blademaster
  8024 | Elf:2    | Killed a deep elf blademaster
  8103 | Elf:2    | Reached skill level 5 in Shields
  8411 | Elf:2    | Reached skill level 15 in Armour
  8429 | Elf:2    | Noticed Wiglaf
  8443 | Elf:2    | Killed Wiglaf
  8629 | Elf:2    | Reached XP level 15. HP: 32/144 MP: 5/15
  9402 | Elf:3    | Noticed a deep elf master archer
  9405 | Elf:3    | Noticed a deep elf demonologist
  9459 | Elf:3    | Killed a deep elf master archer
  9463 | Elf:3    | Got a diamond-studded ring mail
  9501 | Elf:3    | Got a sparkling wooden ring
  9503 | Elf:3    | Identified the ring of Orchan {Ice -Tele rElec Str+3 Int+4} (You took it off a deep elf death mage on level 3 of the Elven Halls)
  9518 | Elf:3    | Identified the +0 ring mail "Heeses" {rF+ rC- Str+2} (You took it off a deep elf master archer on level 3 of the Elven Halls)
  9587 | Elf:3    | Received a gift from Trog
  9591 | Elf:3    | Noticed a deep elf annihilator
  9610 | Elf:3    | Killed a deep elf master archer
  9612 | Elf:3    | Killed a deep elf annihilator
  9616 | Elf:3    | Got a shimmering bronze ring
  9619 | Elf:3    | Identified the ring "Ykhlafah" {Slay+3 Stlth-} (You took it off a deep elf master archer on level 3 of the Elven Halls)
  9651 | Elf:3    | Killed a deep elf demonologist
  9655 | Elf:3    | Noticed a deep elf annihilator
  9678 | Elf:3    | Killed a deep elf annihilator
 10111 | Elf:3    | Identified the Collected Works on Conjuration
 10376 | D:10     | Noticed a yak
 10378 | D:10     | Noticed a yak
 10378 | D:10     | Noticed a yak
 10378 | D:10     | Noticed a yak
 10378 | D:10     | Noticed a yak
 10380 | D:10     | Killed a yak
 10388 | D:10     | Killed a yak
 10390 | D:10     | Killed a yak
 10393 | D:10     | Killed a yak
 10395 | D:10     | Killed a yak
 10459 | D:10     | Noticed Malhgor's ghost (journeyman DEFE)
 10463 | D:10     | Killed Malhgor's ghost
 10500 | D:9      | Received a gift from Trog
 10869 | D:8      | Found a staircase to the Lair.
 10878 | Lair:1   | Entered Level 1 of the Lair of Beasts
 11337 | Lair:4   | Found a hole to the Spider Nest.
 11373 | Spider:1 | Entered Level 1 of the Spider Nest
 11381 | Spider:1 | Received a gift from Trog
 11699 | Spider:1 | HP: 7/149 [wolf spider (12)]
 11700 | Spider:1 | Slain by a wolf spider

Action                   |  1- 3 |  4- 6 |  7- 9 | 10-12 | 13-15 || total
-------------------------+-------+-------+-------+-------+-------++-------
Melee: Mace              |    50 |    35 |     5 |       |       ||    90
       Flail             |       |       |   145 |   564 |       ||   709
       Morningstar       |       |       |       |   209 |   496 ||   705
       Eveningstar       |       |       |       |       |   307 ||   307
 Fire: Blowgun           |       |       |       |    18 |     5 ||    23
Throw: Javelin           |       |       |       |    15 |    10 ||    25
       Tomahawk          |       |       |       |     5 |    15 ||    20
Invok: Berserk           |     4 |     2 |     7 |    17 |    25 ||    55
       Trog's Hand       |       |       |     3 |     6 |    10 ||    19
       Burn Spellbooks   |       |       |       |     1 |       ||     1
       Brothers in Arms  |       |       |       |       |     1 ||     1
Evoke: Wand              |       |       |       |     8 |     9 ||    17
  Use: Potion            |     1 |     2 |     3 |     4 |     3 ||    13
       Scroll            |       |       |    10 |     7 |    17 ||    34
 Stab: Invisible         |       |       |       |       |     4 ||     4
  Eat: Chunk             |     1 |     2 |     9 |    17 |    30 ||    59
       Royal jelly       |       |     1 |     1 |     1 |       ||     3
       Bread ration      |       |       |       |     3 |     2 ||     5
       Beef jerky        |       |       |       |     1 |       ||     1
       Fruit             |       |       |       |       |     2 ||     2
       Meat ration       |       |       |       |       |     3 ||     3
       Pizza             |       |       |       |       |     1 ||     1
